 Dungeon Crawl Stone Soup version 0.30.0 (webtiles) character file.

Game seed: 12201528534581271105

828 alexhoolio the Poker (level 7, -9/62 HPs)
             Began as a Minotaur Fighter on May 29, 2023.
             Mangled by Duvessa
             ... wielding a +5 short sword of venom
              (15 damage)
             ... on level 5 of the Dungeon.
             The game lasted 00:17:20 (3383 turns).

alexhoolio the Poker (Minotaur Fighter)             Turns: 3383, Time: 00:17:20

Health: -9/62      AC: 11    Str: 23    XL:     7   Next: 65%
Magic:  6/6        EV:  9    Int:  5    God:
Gold:   175        SH:  5    Dex:  9    Spells: 6/6 levels left

rFire   . . .        g - +2 spear (vamp)
rCold   . . .        c - +0 buckler
rNeg    . . .        b - +0 scale mail
rPois   .            s - +2 hat
rElec   .            (no cloak)
rCorr   .            (no gloves)
SInv    .            v - +1 pair of boots
Will    .....        (no amulet) Stlth
                     (no ring)
HPRegen 0.30/turn    (no ring)
MPRegen 0.10/turn

%: no passive effects
@: mighty
A: horns 2, retaliatory headbutt
a: no special abilities


You were on level 5 of the Dungeon.
You visited 1 branch of the dungeon, and saw 5 of its levels.

You collected 175 gold pieces.

Inventory:

Hand Weapons
 a - a +0 war axe
 g - a +2 vampiric spear (weapon)
 h - a +0 whip of flaming
 q - the +0 mace of Cerashro {speed, rC+}
   (You found it on level 2 of the Dungeon)

   rC:        It protects you from cold.
 G - the +0 mace of Pandemonium {heavy, rN+ rCorr Int-5}
   (You found it on level 5 of the Dungeon)

   Int:       It affects your intelligence (-5).
   rN:        It protects you from negative energy.
   rCorr:     It protects you from acid and corrosion.
Missiles
 i - 43 stones (quivered)
 D - 4 atropa-tipped darts
 F - 5 boomerangs
Armour
 b - a +0 scale mail (worn)
 c - a +0 buckler (worn)
 s - a +2 hat (worn)
 v - a +1 pair of boots (worn)
Jewellery
 e - an amulet of magic regeneration
 n - a ring of fire
 B - a ring of protection from cold
Wands
 z - a wand of mindburst (15)
Scrolls
 f - a scroll of fear {unknown}
 j - 2 scrolls of blinking {unknown}
 l - 2 scrolls of teleportation {unknown}
 p - a scroll of brand weapon {unknown}
 r - 2 scrolls of acquirement {unknown}
 t - a scroll of noise {unknown}
 x - 3 scrolls of identify {unknown}
 y - a scroll of magic mapping {unknown}
 E - a scroll of torment {unknown}
Potions
 k - 3 potions of curing
 m - 3 potions of haste {unknown}
 o - 2 potions of brilliance {unknown}
 u - a potion of ambrosia {unknown}
 w - 2 potions of cancellation {unknown}
 A - a potion of invisibility {unknown}
 C - a potion of flight {unknown}


   Skills:
 + Level 5.8 Fighting
 - Level 3.0(4.9) Axes
 * Level 6.1(6.4) Polearms
 + Level 5.8 Armour
 + Level 5.8 Shields


You had 6 spell levels left.
You didn't know any spells.
Your spell library contained the following spells:

 Spells                   Type           Power      Damage    Failure   Level
 Portal Projectile        Hex/Tloc       0%         N/A       99%         3
 Tukima's Dance           Hex            0%         N/A       99%         3
 Blade Hands              Tmut           0%         N/A       100%        5


Dungeon Overview and Level Annotations

Branches:
Dungeon (5/15)
 Temple: D:4-7

Altars:
Fedhas
Nemelex Xobeh

Shops:
D:4 *

Annotations:
D:3 3 runed translucent doors, comradetweed's ghost, amateur GrFi
D:5 Duvessa


Innate Abilities, Weirdness & Mutations

You have a pair of horns on your head.
You reflexively headbutt those who attack you in melee.


Message History

Duvessa is moderately wounded.
Duvessa hits you with a +5 short sword of venom.
You block Duvessa's attack.
You hit Duvessa.
You feel better.
You headbutt Duvessa.
Duvessa is moderately wounded.
Duvessa hits you with a +5 short sword of venom!!
You hit Duvessa.
You feel better.
You headbutt Duvessa!
Duvessa is heavily wounded.
Duvessa closely misses you. Duvessa attacks as you move away!
Duvessa hits you with a +5 short sword of venom!
You are poisoned.
You feel very sick.
Okay, then.
You feel very mighty all of a sudden.
You feel very sick. You block Duvessa's attack.
Duvessa hits you with a +5 short sword of venom!
* * * LOW HITPOINT WARNING * * *
You are lethally poisoned!
You completely miss Duvessa.
Duvessa is heavily wounded.
* * * LOW HITPOINT WARNING * * *
You feel very sick.
Duvessa hits you with a +5 short sword of venom!
* * * LOW HITPOINT WARNING * * *
You are more poisoned.
You feel better.
Duvessa hits you with a +5 short sword of venom.
* * * LOW HITPOINT WARNING * * *
Duvessa closely misses you.
Okay, then.
Sorry, you're not good enough to have a special ability.
You don't know any spells.
Throw: throwing net
Press: ? - help, Q - select action, (/) - cycle Shift-Dir - straight line, f - Duvessa
Aim: Duvessa, wielding a +5 short sword of venom and wearing a +0 leather armour (heavily wounded, berserk, 60% to hit)
You throw a throwing net.
The throwing net closely misses Duvessa.
Duvessa hits you with a +5 short sword of venom!
You die...

.##.....#.....#.........#
.##.....#.....#....##...#
.#......#.....#....##...#
.#......#.....#....##...#
.########.....#......)..#
.# .........#.....<...#
.# ........)..........#
.# ...<#####.....##...#
## .... #..@..##...#
..... #..e..#....#.....#
...>.. #.....'....#.....+
#.....#....#.....#
#.....######...$.#
#..(..#..........#
####'##..........#
#................#
#.......e..<.....#


You could see Duvessa (berserk).

Vanquished Creatures
  Grinder (D:3)
  An ogre (D:5)
  A phantom (D:4)
  Blork the orc (D:4)
  Dowan (D:5)
  A jelly (D:5)
  A sleepcap (D:3)
  3 hounds (D:4)
  An orc priest (D:4)
  Ijyb (D:3)
  A gnoll (D:1)
  3 adders
  2 ufetubi
  3 dart slugs
  3 orcs
  11 ball pythons
  4 endoplasms
  3 giant cockroaches (D:1)
  7 goblins
  6 hobgoblins
  5 jackals
  3 quokkas (D:1)
  8 bats
  A frilled lizard (D:2)
  11 kobolds
  7 rats
90 creatures vanquished.

Vanquished Creatures (others)
  2 fungi (D:3)
  10 plants
12 creatures vanquished.

Grand Total: 102 creatures vanquished

Notes
Turn   | Place    | Note
-------+----------+-------------------------------------------
     0 | D:1      | alexhoolio the Minotaur Fighter began the quest for the
                  | Orb.
     0 | D:1      | Reached XP level 1. HP: 19/19 MP: 0/0
    78 | D:1      | Reached XP level 2. HP: 24/27 MP: 1/1
   239 | D:1      | Reached skill level 1 in Polearms
   252 | D:1      | Reached XP level 3. HP: 30/33 MP: 2/2
   656 | D:2      | Identified the +0 mace of Cerashro {speed, rC+}
   879 | D:2      | Reached skill level 2 in Polearms
   886 | D:2      | Reached XP level 4. HP: 40/40 MP: 3/3
  1387 | D:3      | Found a blossoming altar of Fedhas.
  1421 | D:3      | Found a runed translucent gate.
  1421 | D:3      | Found a runed translucent gate.
  1421 | D:3      | Found a runed translucent gate.
  1421 | D:3      | Noticed comradetweed's ghost (amateur GrFi)
  1444 | D:3      | Noticed a kobold brigand
  1836 | D:3      | Noticed Grinder
  1858 | D:3      | Paralysed by Grinder for 3 turns
  1863 | D:3      | Killed Grinder
  1864 | D:3      | Reached skill level 4 in Polearms
  1864 | D:3      | Reached XP level 5. HP: 27/47 MP: 4/4
  1864 | D:3      | Reached XP level 6. HP: 32/55 MP: 5/5
  2077 | D:3      | Reached skill level 5 in Fighting
  2091 | D:3      | Noticed Ijyb
  2103 | D:3      | Killed Ijyb
  2104 | D:3      | Reached skill level 5 in Armour
  2104 | D:3      | Reached skill level 5 in Shields
  2597 | D:4      | Found Qeklaxek's Fire Supplies.
  2685 | D:4      | Found a sparkling altar of Nemelex Xobeh.
  2729 | D:4      | Reached skill level 5 in Polearms
  2729 | D:4      | Reached XP level 7. HP: 61/61 MP: 6/6
  3041 | D:5      | Entered Level 5 of the Dungeon
  3041 | D:5      | Noticed Duvessa
  3041 | D:5      | Noticed Dowan
  3056 | D:5      | Noticed Blork the orc
  3071 | D:4      | Killed Blork the orc
  3170 | D:5      | Identified the +0 mace of Pandemonium {heavy, rN+ rCorr
                  | Int-5}
  3281 | D:5      | Killed Dowan
  3282 | D:5      | Reached skill level 6 in Polearms
  3381 | D:5      | HP: 2/62 [Duvessa/+5 short sword of venom (9)]
  3383 | D:5      | Mangled by Duvessa

Illustrated notes

Levels and vault maps discovered:
D:1:      tarquinn_simple_flora_water_a, layout_loops_ring, serial_bayou,
          serial_bayou_pond_e, serial_bayou_pond_d, serial_bayou_shore_a,
          serial_bayou_pond_d
D:2:      layout_rooms
D:3:      layout_basic, fedhas_altar_3, gammafunk_ghost_nasty_kobolds,
          uniq_grinder, uniq_ijyb
D:4:      layout_cave_pools, mainiacjoe_overflow_alcove_1, serial_column_ruins,
          column_ruins_corridor_T, column_ruins_grid_4,
          column_ruins_corridor_corner, column_ruins_columns_dead_end,
          column_ruins_corridor_straight, nicolae_shop_fire_sale
          [nicolae_sub_dead_trees]
D:5:      layout_gridville, nicolae_uskayaw_murder_on_the_dancefloor,
          minmay_temple_entry_butterflies, uniq_blork_the_orc, uniq_duvessa

Skill      XL: |  1  2  3  4  5  6  7 |
---------------+----------------------+-----
Axes           | 3 |  3.0
Polearms       | 1 2 4 5 6 |  6.1
Armour         | 4 5 |  5.8
Fighting       | 4 5 |  5.8
Shields        | 4 5 |  5.8

Action                     |  1- 3 |  4- 6 |  7- 9 || total
---------------------------+-------+-------+-------++-------
  Melee: War axe           |    10 |       |       ||    10
         Headbutt          |     8 |    19 |    17 ||    44
         Spear             |    77 |   110 |    78 ||   265
  Throw: Stone             |       |     2 |       ||     2
         Boomerang         |       |       |     4 ||     4
         Throwing net      |       |       |     1 ||     1
    Use: Potion            |       |       |     2 ||     2
   Stab: Distracted        |       |     1 |       ||     1
 Armour: Scale mail        |    25 |    30 |    16 ||    71
  Dodge: Dodged            |    13 |    32 |    26 ||    71
  Block: Buckler           |    11 |    11 |    12 ||    34
